 Dungeon Crawl Stone Soup version 0.26-a0-1107-g6118521029 (webtiles) character file.

Game seed: 17305542615121070883

46 Dracia the Distorting Demonspawn (level 3, -4/29 HPs)
             Began as a Demonspawn Abyssal Knight on Dec 16, 2020.
             Was a Believer of Lugonu.
             Slain by an orc warrior
             ... wielding a +0 war axe
              (19 damage)
             ... on level 2 of the Dungeon.
             The game lasted 00:01:41 (1305 turns).

Dracia the Distorting Demonspawn (DsAK)             Turns: 1305, Time: 00:01:42

Health: -4/29      AC:  5    Str: 13    XL:     3   Next: 44%
Magic:  0/6        EV: 10    Int: 13    God:    Lugonu [**....]
Gold:   71         SH:  0    Dex: 12    Spells: 2/2 levels left

rFire    . . .     SeeInvis .   a - +1 falchion
rCold    . . .     Faith    .   (no shield)
rNeg     . . .     Spirit   +   j - +0 ring mail
rPois    .         Reflect  .   (no helmet)
rElec    .         Harm     .   (no cloak)
rCorr    .         Rampage  .   (no gloves)
Will     .....                  (no boots)
Stlth    +.........             (no amulet)
HPRegen  0.09/turn              (no ring)
MPRegen  0.10/turn              (no ring)

@: mighty
A: talons 1, magic shield
a: Depart the Abyss, Bend Space, Renounce Religion


You were on level 2 of the Dungeon.
You worshipped Lugonu.
Lugonu was pleased with you.
You visited 1 branch of the dungeon, and saw 2 of its levels.
You visited the Abyss 1 time.

You collected 71 gold pieces.


Innate Abilities, Weirdness & Mutations

You have sharp toenails.
When hurt, damage is shared between your health and your magic reserves.


   Skills:
 - Level 3.0 Fighting
 + Level 2.8 Long Blades
 - Level 1.7 Armour
 - Level 0.8 Dodging
 + Level 4.0 Invocations


You had 2 spell levels left.
You didn't know any spells.
Your spell library was empty.

Inventory:

Hand Weapons
 a - a +1 falchion (weapon)
Armour
 b - a +0 leather armour
 j - a +0 ring mail (worn)
Scrolls
 c - a scroll of remove curse {unknown}
 d - a scroll of identify {unknown}
 e - 2 scrolls of amnesia {unknown}
 f - a scroll of teleportation {unknown}
Potions
 h - 2 potions of berserk rage {unknown}
 i - a potion of curing {unknown}
 l - a potion of resistance {unknown}

Dungeon Overview and Level Annotations

Branches:
Dungeon (2/15)

Altars:
Yredelemnul

.. ####..##....##.... ?..
#.............###< ##.# ##
#..........##.# #. #...##.###
#..........##.....
.....##..###..........##.....
......#.).............##....#
..o........#####...(####....#
......#...{###..............
.....##..oKo@..##....###....
#... #....#######...... ##.
#.....# ##...### #....#......
#...# ##########...# ###.#
##..# .. ##


You could see an orc warrior, an orc and a kobold.


Message History

You see here a stone.
It was a potion of heal wounds.
You feel much better. The orc barely misses you.
It was a potion of might.
You feel very mighty all of a sudden. The orc barely misses you.
You riposte.
You closely miss the orc. You claw the orc!
You kill the orc!
Lugonu accepts your kill.
Your Invocations skill increases to level 4!
The orc warrior hits you with a +0 war axe.
Things that are here:
a +0 war axe; a stone; an orc corpse You hit the orc warrior.
The orc warrior is lightly wounded.
The orc warrior barely misses you.
You hit the orc warrior.
The orc warrior is moderately wounded.
The orc warrior hits you with a +0 war axe!
You barely miss the orc warrior. You claw the orc warrior.
The orc warrior is heavily wounded.
The orc warrior closely misses you.
You closely miss the orc warrior. Your kick misses the orc warrior.
The orc warrior is heavily wounded.
The orc warrior barely misses you.
You slash the orc warrior!
The orc warrior is severely wounded.
The orc warrior hits you with a +0 war axe!!
Ouch! That really hurt!
You die...

Skill      XL: |  1  2  3 |
---------------+----------+-----
Long Blades    | 2 |  2.8
Invocations    | 3 4 |  4.0
Fighting       | |  3.0
Armour         | |  1.7
Dodging        | |  0.8

Action                   || total
-------------------------++-------
Melee: Falchion          ||    83
       Kick              ||     9
  Use: Potion            ||     2
 Stab: Sleeping          ||     1
Armor: Leather armour    ||    18
       Ring mail         ||     7
Dodge: Dodged            ||    54
       Rpst.: Falchion   ||    16

Levels and vault maps discovered:
D:1:      mainiacjoe_arrival_reflecting_pool, layout_basic, supply_closet_lemuel
D:2:      minmay_angry_zag, layout_rooms, lemuel_round_altar

Notes
Turn   | Place    | Note
-------+----------+-------------------------------------------
     0 | Abyss:1  | Dracia the Demonspawn Abyssal Knight began the quest for
                  | the Orb.
     0 | Abyss:1  | Reached XP level 1. HP: 18/18 MP: 2/2
    58 | D:1      | You pass through the gate.
    58 | D:1      | Escaped the Abyss
   169 | D:1      | Reached skill level 2 in Long Blades
   442 | D:1      | Reached skill level 3 in Invocations
   442 | D:1      | Gained mutation: You have sharp toenails. [demonic
                  | ancestry]
   442 | D:1      | Reached XP level 2. HP: 18/24 MP: 2/4
   899 | D:1      | Reached ** piety under Lugonu
  1151 | D:2      | Gained mutation: When hurt, damage is shared between your
                  | health and your magic reserves. [demonic ancestry]
  1151 | D:2      | Reached XP level 3. HP: 27/29 MP: 5/5
  1280 | D:2      | Found a basalt altar of Yredelemnul.
  1286 | D:2      | Noticed an orc warrior
  1300 | D:2      | Reached skill level 4 in Invocations
  1305 | D:2      | Slain by an orc warrior

Vanquished Creatures
  2 adders (D:2)
  An orc (D:2)
  A giant cockroach (D:1)
  3 goblins (D:1)
  6 hobgoblins
  3 kobolds (D:1)
  4 bats (D:1)
  2 frilled lizards (D:1)
  5 rats
27 creatures vanquished.

Table legend: (Time is in decaauts)
 A = Elapsed time spent in this place.
 B = Non-inter-level travel time spent in this place.
 C = Inter-level travel time spent in this place.
 D = Time resting spent in this place.
 E = Time spent auto-exploring this place.
 F = Levels seen in this place.
 G = Mean time per level.
                   A        B        C        D        E       F      G
               +--------+--------+--------+--------+--------+-----+--------+
         Total |   1319 |   1279 |     40 |    341 |    733 |   3 |  439.7 |
       Dungeon |   1261 |   1221 |     40 |    341 |    679 |   2 |  630.5 |
         Abyss |     58 |     58 |      0 |      0 |     54 |   1 |   58.0 |
               +--------+--------+--------+--------+--------+-----+--------+

Top non-repeatable levels by time:
     D:1: 1090 daAuts
     D:2: 171 daAuts
 Abyss:1: 58 daAuts

Table legend:
 A = Non-vault XP
 B = Vault XP
 C = Vault XP percentage of total XP
 D = Non-vault monster count
 E = Vault monster count
 F = Vault count percentage of total count
                 A         B        C        D         E       F
            +---------+---------+-------+---------+---------+-------
      Total |      66 |       0 |   0.0 |      27 |       0 |   0.0
            +---------+---------+-------+---------+---------+-------
        D:1 |      34 |       0 |   0.0 |      22 |       0 |   0.0
        D:2 |      32 |       0 |   0.0 |       5 |       0 |   0.0
            +---------+---------+-------+---------+---------+-------
